 Dungeon Crawl Stone Soup version 0.14-a0-1029-g9530a8b (webtiles) character file.

2810 MirrMurr the Covert (level 9, 0/39 HPs)
             Began as a Spriggan Enchanter on Nov 23, 2013.
             Was an Initiate of Ashenzari.
             Killed from afar by a manticore (3 damage)
             ... with a volley of spikes
             ... on Level 8 of the Dungeon.
             The game lasted 01:11:23 (8498 turns).

MirrMurr the Covert (Spriggan Enchanter)            Turns: 8498, Time: 01:11:23

HP   0/39        AC  4     Str  7      XL: 9   Next: 26%
MP  10/25        EV 18     Int 17      God: Ashenzari [......]
Gold 342         SH  0     Dex 16      Spells:  5 memorised,  7 levels left

Res.Fire  : . . .   See Invis. : +   a - +0,+1 dagger (curse)
Res.Cold  : . . .   Warding    : .   b - +1 robe (curse)
Life Prot.: . . .   Conserve   : .   (shield restricted)
Res.Poison: .       Res.Corr.  : .   (helmet restricted)
Res.Elec. : .       Clarity    : .   n - +0 dwarf cloak
Sust.Abil.: . .     Spirit.Shd : .   (gloves unavailable)
Res.Mut.  : .       Stasis     : .   (boots unavailable)
Res.Rott. : .       Flight     : .   (no amulet)
Saprovore : . . .                    (no ring)
                                     w - cursed ring of wizardry

@: very quick, quite resistant to hostile enchantments, extremely stealthy
A: unfitting armour, see invisible, herbivore 3, speed 3, slow metabolism 2
a: Renounce Religion


You were on level 8 of the Dungeon.
You worshipped Ashenzari.
Ashenzari was noncommittal.
You were not hungry.

You visited 2 branches of the dungeon, and saw 9 of its levels.

You collected 342 gold pieces.

Inventory:

Hand weapons
 a - a cursed +0,+1 dagger (weapon)
Armour
 b - a cursed +1 robe (worn)
 n - a +0 dwarven cloak (worn)
 F - a +0 steam dragon armour
Comestibles
 o - 4 apples
 s - a bread ration
 x - 3 pears
 D - an apricot
Scrolls
 f - 4 scrolls of teleportation
 g - 2 scrolls of identify
 i - 3 scrolls of magic mapping
 j - 3 scrolls of curse weapon
 k - 3 scrolls of amnesia
 l - 4 scrolls of fog
 v - 5 scrolls of curse jewellery
Jewellery
 w - a cursed ring of wizardry (left hand)
 B - an uncursed amulet of stasis
Potions
 e - a potion of porridge
 t - 2 potions of might
 A - a potion of cure mutation
 E - a potion of curing
Books
 c - a book of Maledictions

   Spells                             Type                      Level
   Corona                             Hexes                        1
   Sure Blade                         Hexes/Charms                 2
   *Ensorcelled Hibernation           Hexes/Ice                    2
   *Confuse                           Hexes                        3
   Enslavement                        Hexes                        4
   Invisibility                       Hexes                        6
 q - a book of Minor Magic

   Spells                             Type                      Level
   Magic Dart                         Conjuration                  1
   *Blink                             Translocation                2
   Call Imp                           Summoning                    2
   Repel Missiles                     Charms/Air                   2
   Slow                               Hexes                        2
   *Conjure Flame                     Conjuration/Fire             3
   *Mephitic Cloud                    Conjuration/Poison/Air       3
 u - a book of Burglary

   Spells                             Type                      Level
   Apportation                        Translocation                1
   Swiftness                          Charms/Air                   2
   Passwall                           Transmutation/Earth          3
   Passage of Golubria                Translocation                4
   Lee's Rapid Deconstruction         Earth                        5
   Darkness                           Hexes                        7


   Skills:
 - Level 6.4 Short Blades
 - Level 1.1 Throwing
 - Level 3.0 Dodging
 + Level 11.7 Stealth
 + Level 6.0 Spellcasting
 * Level 7.2 Hexes
 + Level 5.1 Translocations


You had 7 spell levels left.
You knew the following spells:

 Your Spells              Type           Power        Failure   Level  Hunger
a - Ensorcelled Hibernat  Hex/Ice        ###...       1%          2    None
b - Confuse               Hex            ####....     1%          3    ##.....
c - Conjure Flame         Conj/Fire      #.......     16%         3    ##.....
m - Mephitic Cloud        Conj/Pois/Air  #.......     16%         3    ##.....
B - Blink                 Tloc           N/A          1%          2    None


Dungeon Overview and Level Annotations

Branches:
Dungeon (8/16)             Temple (1/1) D:4
   Lair: D:8-11

Altars:
Ashenzari
Cheibriados
Elyvilon
Fedhas
Makhleb
Nemelex Xobeh
Okawaru
Sif Muna
Trog
Vehumet
Xom
Yredelemnul
Zin
the Shining One


Innate Abilities, Weirdness & Mutations

You are tiny and cannot use many weapons and most armour.
You have supernaturally acute eyesight.
You are a herbivore.
You cover ground extremely quickly.
You need consume almost no food.


Message History

Aiming: Ensorcelled Hibernation
Press: ? - help, Shift-Dir - straight line, f - manticore
Aim: a manticore (lightly wounded)
The manticore resists with some effort.
The manticore flicks its tail!
The volley of spikes hits you!
* * * LOW HITPOINT WARNING * * *
Casting: Ensorcelled Hibernation
Confirm with . or Enter, or press ? or * to list all spells.
Aiming: Ensorcelled Hibernation
Press: ? - help, Shift-Dir - straight line, f/p - manticore
Aim: a manticore (lightly wounded)
The manticore easily resists.
Casting: Ensorcelled Hibernation
Confirm with . or Enter, or press ? or * to list all spells.
Aiming: Ensorcelled Hibernation
Press: ? - help, Shift-Dir - straight line, f/p - manticore
Aim: a manticore (lightly wounded)
The manticore easily resists.
The manticore flicks its tail!
The volley of spikes hits you!
You die...

## ..###
#...# #.>.#
#.+.##
#.H..#
#.@..#
#..).#
#....# ..
#....#
.P.###....#
#...P.....#
#.........#
#######'###
+.......#


You could see a manticore.

Vanquished Creatures
  A steam dragon (D:7)
  A hippogriff (D:6)
  A necrophage (D:7)
  3 ogres
  2 phantoms
  4 centaurs
  2 giant frogs (D:6)
  A gnoll sergeant (D:5)
  A jelly (D:6)
  5 killer bees (D:7)
  5 wights (D:7)
  A hound (D:6)
  4 crimson imps
  An orc priest (D:7)
  2 orc wizards
  An iguana (D:6)
  6 worker ants
  A sky beast zombie (D:6)
  An ogre skeleton (D:7)
  2 adders
  5 gnolls (D:5)
  2 big fish zombies (D:2)
  2 giant mites (D:6)
  An adder skeleton (D:7)
  A giant gecko (D:6)
  2 oozes
  26 orcs
  A bat skeleton (D:4)
  3 giant cockroaches
  14 goblins
  4 hobgoblins
  12 bats
  10 giant newts
  A goblin zombie (D:5)
  A jackal zombie (D:6)
  9 kobolds
  10 rats
149 creatures vanquished.

Vanquished Creatures (collateral kills)
  A killer bee (D:7)
1 creature vanquished.

Grand Total: 150 creatures vanquished

Notes
Turn   | Place    | Note
--------------------------------------------------------------
     0 | D:1      | MirrMurr, the Spriggan Enchanter, began the quest for the Orb.
     0 | D:1      | Reached XP level 1. HP: 9/9 MP: 4/4
   236 | D:1      | Reached skill level 4 in Stealth
   361 | D:1      | Reached XP level 2. HP: 13/13 MP: 6/6
   365 | D:1      | Learned a level 2 spell: Ensorcelled Hibernation
   516 | D:1      | Upgraded the game from 0.14-a0-1007-gacdcbbe to 0.14-a0-1029-g9530a8b
   904 | D:2      | Reached skill level 5 in Stealth
   914 | D:2      | Found a radiant altar of Vehumet.
   945 | D:2      | Found a white marble altar of Elyvilon.
  1095 | D:2      | Reached XP level 3. HP: 16/16 MP: 9/9
  1173 | D:2      | Found a basalt altar of Yredelemnul.
  1333 | D:2      | Reached skill level 6 in Stealth
  1800 | D:3      | Reached XP level 4. HP: 14/21 MP: 11/11
  1805 | D:3      | Learned a level 3 spell: Confuse
  2017 | D:3      | Found a blossoming altar of Fedhas.
  2673 | D:4      | Noticed a phantom
  2939 | D:4      | Found a staircase to the Ecumenical Temple.
  3064 | Temple   | Entered the Ecumenical Temple
  3681 | D:5      | Entered Level 5 of the Dungeon
  4061 | D:5      | Reached XP level 5. HP: 18/24 MP: 3/13
  4404 | D:5      | Reached skill level 7 in Stealth
  4889 | D:5      | Learned a level 2 spell: Blink
  5058 | D:5      | Reached skill level 8 in Stealth
  5058 | D:5      | Reached XP level 6. HP: 17/28 MP: 0/16
  5936 | D:6      | Reached skill level 5 in Short Blades
  5936 | D:6      | Reached skill level 9 in Stealth
  5936 | D:6      | Reached XP level 7. HP: 29/32 MP: 15/19
  5944 | D:6      | Found a glowing golden altar of the Shining One.
  5974 | D:5      | Learned a level 3 spell: Conjure Flame
  6100 | D:6      | Found a sparkling altar of Nemelex Xobeh.
  6127 | D:5      | Found a white marble altar of Elyvilon.
  6290 | D:6      | Found a deep blue altar of Sif Muna.
  6628 | D:6      | Noticed a hippogriff
  6631 | D:6      | Killed a hippogriff
  6631 | D:6      | Reached skill level 10 in Stealth
  6777 | D:7      | Found a shattered altar of Ashenzari.
  6816 | D:7      | Became a worshipper of Ashenzari the Shackled
  7051 | D:6      | Reached XP level 8. HP: 36/36 MP: 17/22
  7389 | D:7      | Reached skill level 1 in Translocations
  7736 | D:7      | Learned a level 3 spell: Mephitic Cloud
  7739 | D:7      | Reached skill level 5 in Hexes
  7744 | D:7      | Reached skill level 11 in Stealth
  7745 | D:7      | Reached skill level 5 in Spellcasting
  8134 | D:7      | Reached XP level 9. HP: 39/39 MP: 23/25
  8470 | D:8      | Reached skill level 5 in Translocations
  8498 | D:8      | Killed from afar by a manticore

Action                   |  1- 3 |  4- 6 |  7- 9 || total
-------------------------+-------+-------+-------++-------
Melee: Dagger            |   143 |   199 |   120 ||   462
Throw: Dart              |     5 |       |       ||     5
 Cast: Corona            |     2 |       |       ||     2
       Ensorcelled Hiber |     2 |    52 |    43 ||    97
       Confuse           |       |     2 |    15 ||    17
       Conjure Flame     |       |       |     4 ||     4
       Mephitic Cloud    |       |       |     3 ||     3
  Use: Scroll            |     3 |     3 |    12 ||    18
       Potion            |       |     3 |     2 ||     5
 Stab: Sleeping          |    13 |    34 |    30 ||    77
       Confused          |       |     1 |    13 ||    14
